 Dungeon Crawl Stone Soup version 0.31-a0-940-gdaa99269f9 (webtiles) character file.

Game seed: 7232397909521170526

1690686 arthad the Metallomancer (level 27, 151/151 HPs)
             Began as a Gargoyle Earth Elementalist on Oct 19, 2023.
             Was the Champion of Vehumet.
             Escaped with the Orb
             ... and 3 runes on Oct 21, 2023!
             The game lasted 05:43:13 (68013 turns).

arthad the Metallomancer (GrEE)                    Turns: 68013, Time: 05:43:14

Health: 151/151    AC: 48    Str: 12 (13) XL:     27
Magic:  43/43      EV: 15    Int: 29      God:    Vehumet [******]
Gold:   4025       SH: 19    Dex: 16 (17) Spells: 2/59 levels left

rFire   + + .        W - staff of Lies {rN+ Earth}
rCold   + + +        M - +5 kite shield {reflect}
rNeg    + + +        v - quicksilver dragon scales
rPois   ∞            k - +3 crown of Dyrovepreva {rElec Int+2 SInv}
rElec   +            m - scarf {rC+ rF+}
rCorr   +            F - +2 pair of gloves {Dex+3}
SInv    +            S - +3 pair of mountain boots {steadfast, rC+}
Will    +++..        V - amulet "Ijur" {RegenMP Regen+ rCorr Int-3 Dex+4}
Stlth   ++           O - ring "Wyutuuku" {rF+ rC+ Str+5 Slay+2 Stlth-}
HPRegen 1.25/turn    w - ring of the Shishi {Wiz Fly rN+ Str-4 Stlth+}
MPRegen 0.68/turn

%: reflection, wizardry (x1)
@: flying, studying 2 skills
A: sickness immunity, AC +20, big wings, negative energy resistance 1,
electricity resistance, torment resistance 1, petrification resistance,
iridescent scales 2, deterioration 2, frail 1
0: Orb of Zot
}: 3/15 runes: serpentine, barnacled, silver
a: Renounce Religion


You escaped.
You worshipped Vehumet.
Vehumet was exalted by your worship.
You visited 12 branches of the dungeon, and saw 50 of its levels.
You visited the Abyss 2 times.
You also visited: Trove, Gauntlet and Desolation.

You collected 9188 gold pieces.
You spent 5163 gold pieces at shops.

Inventory:

Hand Weapons
 h - a +5 sacred scourge of holy wrath
Missiles
 b - 15 silver javelins (quivered)
 c - 5 darts of dispersal
 r - 22 atropa-tipped darts
 u - 48 poisoned darts
 y - 8 curare-tipped darts
 H - 5 throwing nets
 Z - 19 javelins
Armour
 k - the +3 crown of Dyrovepreva (worn) {rElec Int+2 SInv}
   (You found it on level 5 of the Vaults)

   Int+2:     It affects your intelligence (+2).
   rElec:     It insulates you from electricity.
   SInv:      It lets you see invisible.
 m - a scarf of resistance (worn)
 v - quicksilver dragon scales (worn)
 F - a +2 pair of gloves of dexterity (worn)
 M - a +5 kite shield of reflection (worn)
 S - the +3 pair of mountain boots (worn) {steadfast, rC+}
   (You found it on level 2 of the Depths)

   Steadfast: It prevents involuntary movement, except for blinking,
   teleportation, or banishment.
   rC+:       It protects you from cold.
Magical Staves
 W - the staff of Lies (weapon) {rN+ Earth}
   (You found it on level 3 of the Elven Halls)

   [staff of earth]

   Base accuracy: +5 Base damage: 5 Base attack delay: 1.2 This weapon's minimum
   attack delay (0.6) is reached at skill level 12.
   rN+:       It protects you from negative energy.
   Earth:     It increases the power of your Earth spells.
   It falls into the 'Staves' category.
   It is a one-handed weapon.
 X - a staff of conjuration
Jewellery
 a - the ring of Ishrad {rF+ EV+5 Int+2}
   (You found it on level 3 of the Depths)

   [ring of evasion]

   EV+5:      It affects your evasion (+5).
   Int+2:     It affects your intelligence (+2).
   rF+:       It protects you from fire.
 w - the ring of the Shishi (right hand) {Wiz Fly rN+ Str-4 Stlth+}
   (You found it on level 5 of the Vaults)

   [ring of wizardry]

   Wiz:       It improves your spell success rate.
   Str-4:     It affects your strength (-4).
   rN+:       It protects you from negative energy.
   Fly:       It grants you flight.
   Stlth+:    It makes you more stealthy.
 x - the ring of Herea {rCorr Str+6 SInv}
   (You found it in a Gauntlet)

   [ring of strength]

   Str+6:     It affects your strength (+6).
   SInv:      It lets you see invisible.
   rCorr:     It protects you from acid and corrosion.
 O - the ring "Wyutuuku" (left hand) {rF+ rC+ Str+5 Slay+2 Stlth-}
   (You took it off a minotaur in a Gauntlet)

   [ring of protection from cold]

   Str+5:     It affects your strength (+5).
   Slay+2:    It affects your accuracy & damage with ranged weapons and melee
   (+2).
   rF+:       It protects you from fire.
   rC+:       It protects you from cold.
   Stlth-:    It makes you less stealthy.
 V - the amulet "Ijur" (around neck) {RegenMP Regen+ rCorr Int-3 Dex+4}
   (You found it on level 3 of the Elven Halls)

   [amulet of magic regeneration]

   RegenMP:   It increases your rate of magic regeneration.
   Int-3:     It affects your intelligence (-3).
   Dex+4:     It affects your dexterity (+4).
   Regen+:    It increases your rate of health regeneration.
   rCorr:     It protects you from acid and corrosion.
 Y - the ring "Meuryd Rur" {rPois rN+ Will+ MP+9}
   (You found it on level 3 of the Depths)

   [ring of magical power]

   rPois:     It protects you from poison rN+: It protects you from negative
   energy.
   Will+:     It increases your willpower.
   MP+9:      It affects your magic capacity (+9).
Wands
 p - a wand of light (7)
 q - a wand of digging (33)
 D - a wand of charming (37)
 K - a wand of mindburst (21)
 P - a wand of roots (48)
 T - a wand of flame (129)
Scrolls
 d - 3 scrolls of torment
 g - 9 scrolls of immolation
 l - 16 scrolls of teleportation
 o - 6 scrolls of revelation
 A - 5 scrolls of blinking
 J - a scroll of fear
 L - a scroll of butterflies
 N - 4 scrolls of enchant armour
 Q - 5 scrolls of fog
 R - 9 scrolls of poison
Potions
 e - 5 potions of heal wounds
 f - 7 potions of haste
 i - 6 potions of brilliance
 n - 26 potions of curing
 s - 6 potions of cancellation
 t - 3 potions of mutation
 B - 9 potions of enlightenment
 E - 7 potions of ambrosia
 G - 3 potions of magic
 I - 8 potions of resistance
 U - 7 potions of might
Miscellaneous
 j - a phial of floods
 z - a phantom mirror
 C - a tin of tremorstones (2/2)


   Skills:
 + Level 15.6 Fighting
 + Level 8.6 Staves
 + Level 10.0 Armour
 + Level 10.9 Dodging
 - Level 10.0 Stealth
 - Level 15.0 Shields
 * Level 16.9 Spellcasting
 * Level 19.5 Conjurations
 - Level 5.0 Translocations
 * Level 14.3 Transmutations
 * Level 16.1 Fire Magic
 + Level 8.4 Air Magic
 * Level 21.0 Earth Magic
 * Level 16.4 Poison Magic
 - Level 6.0 Evocations


You had 2 spell levels left.
You knew the following spells:

 Your Spells              Type           Power      Damage    Failure   Level
a - Sandblast             Erth           100%       2d20      0%          1
b - Bombard               Conj/Erth      59%        9d10      1%          6
c - Stone Arrow           Conj/Erth      100%       3d13      0%          3
d - Lee's Rapid Deconstr  Erth           60%        3d28*     1%          5
e - Petrify               Tmut/Erth      100%       N/A       1%          4
f - Poisonous Vapours     Pois/Air       100%       N/A       1%          2
g - Ignite Poison         Fire/Tmut/Pois 86%        N/A       1%          3
h - Iskenderun's Mystic   Conj/Tloc      77%        2d15      1%          4
i - Plasma Beam           Fire/Air       38%        2x1d52    1%          6
j - Olgreb's Toxic Radia  Pois           88%        N/A       1%          4
k - Blink                 Tloc           100%       N/A       1%          2
l - Lehudib's Crystal Sp  Conj/Erth      59%        10d14     1%          8
m - Shatter               Erth           60%        3d45*     13%         9

Your spell library contained the following spells:

 Spells                   Type           Power      Damage    Failure   Level
 Maxwell's Capacitive Co  Air            32%        ∞         73%         8
 Magic Dart               Conj           100%       1d8       0%          1
 Shock                    Conj/Air       100%       1d9       0%          1
 Passwall                 Tmut/Erth      94%        N/A       0%          2
 Scorch                   Fire           100%       2d9       0%          2
 Apportation              Tloc           100%       N/A       1%          1
 Freeze                   Ice            96%        1d10      1%          1
 Kiss of Death            Conj/Necr      100%       2d13      1%          1
 Lesser Beckoning         Tloc           100%       N/A       1%          2
 Momentum Strike          Conj/Tloc      100%       3d10      1%          2
 Static Discharge         Conj/Air       100%       3-8/arc   1%          2
 Wereblood                Tmut           82%        N/A       1%          2
 Necrotise                Necr           96%        1d8       2%          1
 Summon Small Mammal      Summ           96%        N/A       2%          1
 Call Imp                 Summ           48%        N/A       4%          2
 Ensorcelled Hibernation  Hex/Ice        48%        N/A       4%          2
 Jinxbite                 Hex            48%        N/A       4%          2
 Brom's Barrelling Bould  Conj/Erth      100%       2d11      0%          4
 Gell's Gravitas          Tloc           52%        N/A       1%          3
 Hailstorm                Conj/Ice       69%        3d14      1%          3
 Inner Flame              Hex/Fire       64%        N/A       1%          3
 Mephitic Cloud           Conj/Pois/Air  84%        N/A       1%          3
 Swiftness                Air            65%        N/A       1%          3
 Teleport Other           Tloc           52%        N/A       1%          3
 Airstrike                Air            32%        2d(5-21)  1%          4
 Animate Armour           Summ/Erth      100%       N/A       1%          4
 Flame Wave               Conj/Fire      91%        2d19      1%          4
 Fulminant Prism          Conj/Hex       34%        3d16      1%          4
 Leda's Liquefaction      Hex/Erth       45%        N/A       1%          4
 Sticky Flame             Conj/Fire      91%        2d10      1%          4
 Vhi's Electric Charge    Tloc/Air       100%       N/A       1%          4
 Alistair's Intoxication  Tmut/Pois      56%        N/A       1%          5
 Arcjolt                  Conj/Air       40%        1d50      1%          5
 Borgnjor's Vile Clutch   Necr/Erth      45%        N/A       1%          5
 Freezing Cloud           Conj/Ice/Air   34%        6-21      1%          5
 Irradiate                Conj/Tmut      44%        3d26      1%          5
 Conjure Ball Lightning   Conj/Air       40%        3x3d13    1%          6
 Eringya's Noxious Bog    Tmut/Pois      42%        4d6       1%          6
 Frozen Ramparts          Ice            48%        1d8       2%          3
 Manifold Assault         Tloc           52%        N/A       3%          4
 Call Canine Familiar     Summ           24%        N/A       9%          3
 Ozocubu's Armour         Ice            24%        N/A       9%          3
 Summon Guardian Golem    Hex/Summ       24%        N/A       9%          3
 Anguish                  Hex/Necr       12%        N/A       26%         4
 Dispel Undead            Necr           24%        3d12      26%         4
 Dispersal                Tloc           26%        N/A       45%         6
 Metabolic Englaciation   Hex/Ice        12%        N/A       56%         5
 Simulacrum               Ice/Necr       12%        N/A       98%         6
 Summon Cactus Giant      Summ           12%        N/A       98%         6
 Enfeeble                 Hex            12%        N/A       100%        7
 Malign Gateway           Summ/Tloc      19%        N/A       100%        7
 Summon Hydra             Summ           12%        N/A       100%        7
 Disjunction              Tloc           26%        N/A       100%        8
 Cigotuvi's Dreadful Rot  Necr/Pois/Air  Unusable   N/A       N/A         2
 Sublimation of Blood     Necr           Unusable   N/A       N/A         2

Dungeon Overview and Level Annotations

Branches:
Dungeon (15/15)            Temple (1/1) D:6            Lair (5/5) D:10
 Shoals (4/4) Lair:3        Snake (4/4) Lair:2        Slime (1/5) Lair:5
    Orc (2/2) D:9             Elf (3/3) Orc:2        Vaults (5/5) D:13
  Crypt (0/3) Vaults:3     Depths (4/4) D:15           Hell (visited)
    Tar (0/7) Hell            Zot (5/5) Depths:4    Desolation (visited)
Gauntlet (visited)
    Dis: Hell:1         Geh: Hell:1         Coc: Hell:1

Altars:
Ashenzari
Cheibriados
Dithmenos
Elyvilon
Fedhas
Gozag
Hepliaklqana
Kikubaaqudgha
Makhleb
Nemelex Xobeh
Okawaru
Qazlal
Ru
Sif Muna
Trog
Uskayaw
Vehumet
Wu Jian
Xom
Yredelemnul
Zin
The Shining One

Shops:
D:4 **(   D:9 ==*   D:13 *   Orc:2 !(![[?   Elf:1 !   Elf:2 *   Elf:3 *:*
Snake:2 !?*(((*   Vaults:1 [   Vaults:3 (   Vaults:5 [([   Depths:1 !*
Depths:2 [   Depths:3 !:

Portals:
Hell: Depths:1 Depths:2 Depths:3 Depths:4
Abyss: Depths:1 Depths:3
Pandemonium: Depths:1 Depths:2
Ziggurat: Depths:2

Annotations:
Zot:1 2 transporters, Unkupp's ghost, veteran OgBe


Innate Abilities, Weirdness & Mutations

You are immune to sickness and miasma.
Your stone body is resilient. (AC +20)
You are immune to poison.
Your large and strong wings let you fly.
You resist negative energy. (rN+)
You are resistant to electric shocks. (rElec)
You are resistant to unholy torment.
You are immune to petrification.
You are mostly covered in iridescent scales. (AC +4)
Your body often deteriorates upon taking damage.
You are frail. (-10% HP)


Message History

The orc wizard shouts!
Casting: Lehudib's Crystal Spear (dangerous; 1% risk of failure)
Confirm with . or Enter, or press ? or * to list all spells.
You can't see any susceptible monsters within range! (Use Z to cast anyway.)
Casting: Lehudib's Crystal Spear (dangerous; 1% risk of failure)
Confirm with . or Enter, or press ? or * to list all spells.
Aiming: Poisonous Vapours (safe; 1% risk of failure)
Press: ? - help, Dir - move target, f - orc wizard
Aim: an orc wizard, wielding a +0 dagger and wearing a +0 robe Poisonous vapours surround the orc wizard!
The orc wizard is poisoned.
Casting: Poisonous Vapours (safe; 1% risk of failure)
Confirm with . or Enter, or press ? or * to list all spells.
Aiming: Poisonous Vapours (safe; 1% risk of failure)
Press: ? - help, Dir - move target, f/p - orc wizard
Aim: an orc wizard, wielding a +0 dagger and wearing a +0 robe (lightly wounded, very poisoned) Poisonous vapours surround the orc wizard!
The orc wizard looks as sick as possible!
Casting: Poisonous Vapours (safe; 1% risk of failure)
Confirm with . or Enter, or press ? or * to list all spells.
You ignite the poison in your surroundings!
The orc wizard seems to burn from within!!!
You kill the orc wizard!
Vehumet accepts your kill.
A chaos spawn comes into view.
You see here 5 stones.
There is an escape hatch in the ceiling here.
A mysterious force pulls you upwards. The hatch slams shut behind you.
Done exploring.
There is a stone staircase leading up here.
You fly upwards.
There is a stone staircase leading down here.
There is a stone staircase leading up here.
You fly upwards.
There is a stone staircase leading down here.
Okay, then.
There is an open door here.
There is an open door here.
There is a staircase leading out of the dungeon here.
You have escaped!

..# ###...##~~≈#.#...# ..#
#.'...'~≈≈≈#.##### ###
#.#...##~~≈#.#
#########.##...#.≈≈#.#
..........##...##.≈#.#
....#########...#.≈#.# ....#
#...##>#.# ....# ##...###.#
....# ##.@.##.#
....################.#
....##...............########
.......###########..........#
.....#.# ##..........#
.....#.## #######...........#
....##..###...#.............#
....##...#..#...##..........#
#..##......#######.##########


There were no monsters in sight!

Vanquished Creatures
  3 orbs of fire
  3 ancient liches
  3 dread liches (Zot:5)
  Mennas (Vaults:4)
  A juggernaut (Depths:3)
  Boris (Depths:3)
  Josephina (Zot:2)
  The ghost of D12ThenQuit the Cryomancer, a veteran OpFi of Vehumet (Depths:3)
  4 Killer Klowns
  A curse toe (Zot:4)
  Geryon (Hell)
  A caustic shrike (Depths:3)
  9 golden dragons
  3 bone dragons
  Jory (Depths:4)
  A Tzitzimitl (Depths:4)
  A Brimstone Fiend (D:7)
  5 electric golems
  A hellephant (Depths:1)
  20 tentacled monstrosities
  Rupert (D:14)
  A walking crystal tome (Depths:3)
  A walking earthen tome (Depths:1)
  4 liches
  5 titans (Vaults:5)
  A walking divine tome (Depths:2)
  7 sphinxes
  27 Orb Guardians
  5 deep elf blademasters
  11 death cobs
  A deep elf master archer (Elf:3)
  A sphinx (shapeshifter) (Vaults:4)
  7 quicksilver dragons
  A kraken (Shoals:4)
  2 Executioners
  10 shadow dragons
  Frances (D:12)
  Kirke (Snake:2)
  A tentacled starspawn (Abyss:3)
  5 tengu reavers
  6 draconian monks
  4 fire giants
  A revenant (Hell)
  13 storm dragons
  10 draconian knights
  Ilsuiw (Shoals:3)
  8 nagarajas
  3 frost giants (Vaults:5)
  An imperial myrmidon (Desolation)
  12 deep elf sorcerers
  2 iron dragons
  26 vault wardens
  5 draconian scorchers
  3 draconian stormcallers
  2 draconian shifters
  3 orc warlords
  2 caustic shrike zombies
  A ghost moth (Depths:4)
  A reaper (D:6)
  6 draconian annihilators
  2 angels (Elf:2)
  3 cacodemons
  A quicksilver ooze (shapeshifter) (Vaults:5)
  23 ironbound preservers
  7 deep elf elementalists
  13 stone giants
  2 spriggan defenders (Depths:4)
  A demonspawn corrupter (D:6)
  2 formless jellyfish
  9 ironbound thunderhulks
  5 war gargoyles
  32 very ugly things
  17 green draconians
  2 vampire knights (Depths:3)
  Nessos (Lair:5)
  6 red draconians
  Azrael (D:13)
  7 deep elf demonologists (Elf:3)
  13 black draconians
  2 spark wasps
  3 deep elf annihilators (Elf:3)
  6 white draconians
  4 halazid warlocks (Desolation)
  17 dire elephants
  9 purple draconians
  An eidolon (Vaults:3)
  10 yellow draconians
  9 ettins
  A minotaur (Gauntlet)
  13 merfolk javelineers
  7 deep elf death magi
  2 crystal guardians
  9 yaktaur captains
  14 merfolk impalers
  8 fire dragons
  6 deep elf high priests
  A rakshasa (Depths:3)
  6 ragged hierophants (Desolation)
  11 ice dragons
  7 great orbs of eyes
  8 servants of whispers (Desolation)
  11 peacekeepers
  14 hydras
  37 vault guards
  2 merfolk avatars (Shoals:2)
  A sphinx zombie (D:15)
  5 ironbound frosthearts
  2 ogre magi
  7 anacondas
  3 salamander tyrants (Snake:4)
  Erica (D:8)
  5 spriggan air magi
  8 merfolk aquamancers
  18 centaur warriors
  4 two-headed ogres
  A boulder beetle (shapeshifter) (Depths:1)
  2 alligator snapping turtles
  2 catoblepae
  32 dancing weapons
  4 deep troll shamans
  A death yak (shapeshifter) (Vaults:5)
  4 satyrs
  3 boulder beetles
  A hell hog (Hell)
  2 death yaks (Lair:3)
  5 tengu warriors
  10 deep troll earth magi
  14 naga warriors
  2 vampire magi
  6 shock serpents
  A titan zombie (Hell)
  5 spriggan berserkers
  A shock serpent (shapeshifter) (Vaults:5)
  13 deep elf knights
  2 thrashing horrors (Abyss:3)
  Urug (D:12)
  7 soul eaters
  3 sun demons
  9 iron trolls
  A wretched star (Abyss:3)
  11 naga sharpshooters
  The ghost of Sundig the Fighter, a novice MiFi of Okawaru (D:8)
  A titan skeleton (Hell)
  5 hell knights
  4 salamander mystics
  3 skeletal warriors
  5 skysharks
  5 arcanists
  2 sixfirhies
  A golden dragon zombie (Hell)
  11 sea snakes
  2 quicksilver dragon simulacra (Zot:2)
  A spark wasp zombie (D:15)
  A shadow demon (D:6)
  48 deep trolls
  3 naga ritualists
  A ghost moth zombie (Zot:2)
  A deep troll (shapeshifter) (Depths:1)
  8 deep elf archers
  A spriggan simulacrum (Hell)
  A shadow dragon zombie (Hell)
  3 flayed ghosts
  2 obsidian statues
  6 lindwurms
  2 occultists
  A bunyip skeleton (Hell)
  A swamp dragon (Lair:5)
  An alligator zombie (Hell)
  An anaconda skeleton (Hell)
  3 phantasmal warriors
  12 necromancers
  23 ironbound convokers
  38 deep elf pyromancers
  2 iron dragon zombies
  2 tengu zombies (Hell)
  4 starcursed masses (Abyss:3)
  A frost giant zombie (Hell)
  4 harpies
  9 orc knights
  8 orc sorcerers (Orc:2)
  27 deep elf zephyrmancers
  A wolf spider (shapeshifter) (Elf:1)
  2 fire giant zombies (Hell)
  12 mana vipers
  19 fauns
  19 manticores
  21 salamanders
  3 oklob plants
  24 ugly things
  4 cyclopes
  21 elephants
  A salamander (shapeshifter) (D:15)
  2 worldbinders (Abyss:3)
  18 moths of wrath
  A guardian serpent (shapeshifter) (Vaults:5)
  A rust devil (Depths:1)
  32 black mambas
  11 merfolk sirens
  An apocalypse crab (Abyss:3)
  7 torpor snails
  7 guardian serpents
  15 vault sentinels
  2 gargoyles
  3 orange demons
  A toenail golem (Zot:1)
  18 naga magi
  A black mamba (shapeshifter) (Elf:3)
  14 cane toads
  11 smoke demons
  Maggie (D:7)
  4 water nymphs
  A naga skeleton (Hell)
  3 unseen horrors
  Psyche (D:12)
  A hellion (D:5)
  2 efreet
  10 komodo dragons
  A komodo dragon (shapeshifter) (D:14)
  20 yaktaurs
  A freezing wraith (Vaults:3)
  8 rime drakes
  3 kobold demonologists
  An ancient zyme (Abyss:3)
  4 tengu conjurers
  An ice devil (Depths:1)
  2 golden dragon simulacra (Zot:2)
  A guardian mummy (Zot:2)
  A tormentor (Depths:1)
  6 trolls
  A polar bear (Lair:2)
  21 merfolk
  3 meliai (Lair:3)
  The ghost of Xavori the Trooper, an amateur DjCK of Xom (D:3)
  54 saltlings (Desolation)
  3 tyrant leeches (Lair:5)
  A queen bee (Lair:3)
  Prince Ribbit (D:8)
  8 snapping turtles
  7 wind drakes
  5 spriggan zombies (Hell)
  3 hellwings (Abyss:3)
  14 hornets
  An ettin zombie (Hell)
  10 blink frogs
  27 slime creatures
  6 dream sheep (Lair:4)
  7 raiju (Abyss:3)
  3 shadows
  6 small abominations (Abyss:3)
  5 spriggans
  5 air elementals
  3 wraiths
  20 water elementals
  A vampire (D:14)
  2 wyverns
  A fire bat (shapeshifter) (Vaults:5)
  64 yaks
  2 ynoxinuls
  2 hogs (Snake:2)
  4 humans (Snake:2)
  7 fire elementals
  A steam dragon (Lair:3)
  7 vampire mosquitoes
  A basilisk (Lair:3)
  A warg (shapeshifter) (Vaults:5)
  10 wargs
  60 nagas
  Edmund (D:4)
  4 acid dragons
  2 swamp worms (Lair:2)
  An acid dragon (shapeshifter) (Vaults:5)
  14 water moccasins
  A human skeleton (Depths:3)
  6 hell hounds
  A floating eye (Depths:1)
  11 large abominations
  2 swamp drakes (Lair:5)
  4 black bears
  A black bear (shapeshifter) (Elf:1)
  An ice beast (D:7)
  3 sky beasts
  20 orc warriors
  An ogre (shapeshifter) (D:13)
  2 ogres
  23 wolves
  13 centaurs
  2 kobold brigands
  10 bullfrogs
  3 scorpions
  4 earth elementals
  3 gnoll sergeants
  28 killer bees
  6 wights
  9 electric eels
  2 howler monkeys
  A crimson imp (D:9)
  8 jellies
  18 orc priests
  A gnoll bouda (D:7)
  2 hounds
  7 iguanas
  A sleepcap (D:4)
  44 orc wizards
  4 hell rats
  16 gnolls
  5 adders
  A shadow imp (D:8)
  3 white imps
  4 ufetubi
  3 worms
  A dart slug (D:2)
  82 orcs
  4 endoplasms
  3 giant cockroaches
  12 goblins
  7 hobgoblins
  17 kobolds
  4 quokkas
  5 ball pythons
  11 bats
  2 frilled lizards
  7 rats
  3 fire vortices (Hell)
  A starspawn tentacle (Abyss:3)
  4 tentacles (Shoals:4)
2263 creatures vanquished.

Vanquished Creatures (collateral kills)
  2 boulders (D:7)
2 creatures vanquished.

Vanquished Creatures (others)
  An ancient lich (Zot:5)
  A merfolk aquamancer (Shoals:4)
  A manticore (Shoals:1)
  A fire elemental (Elf:3)
  A boggart (Elf:3)
  A small abomination (Abyss:3)
  7 boulders
  A creeping inferno (Hell)
  A lurking horror (Abyss:3)
  A spectral weapon (D:12)
  A starspawn tentacle (Abyss:3)
17 creatures vanquished.

Grand Total: 2282 creatures vanquished

Notes
Turn   | Place    | Note
-------+----------+-------------------------------------------
     0 | D:1      | arthad the Gargoyle Earth Elementalist began the quest for
                  | the Orb.
     0 | D:1      | Reached XP level 1. HP: 10/10 MP: 3/3
   285 | D:1      | Reached skill level 1 in Transmutations
   285 | D:1      | Reached XP level 2. HP: 15/15 MP: 3/5
   963 | D:2      | Reached XP level 3. HP: 19/19 MP: 4/6
   966 | D:2      | Learned a level 2 spell: Passwall
   970 | D:2      | Learned a level 3 spell: Stone Arrow
   977 | D:2      | Reached skill level 4 in Earth Magic
  1651 | D:3      | Reached XP level 4. HP: 24/24 MP: 5/7
  1767 | D:3      | Found a runed translucent door.
  1770 | D:3      | Noticed Xavori's ghost (amateur DjCK)
  1884 | D:3      | Reached skill level 1 in Conjurations
  2391 | D:4      | Noticed a black bear
  2394 | D:4      | Reached skill level 1 in Fighting
  2403 | D:4      | Killed a black bear
  2404 | D:4      | Reached XP level 5. HP: 16/29 MP: 0/9
  2493 | D:4      | Found Aczibb's General Store.
  2515 | D:4      | Found a shadowy altar of Dithmenos.
  2694 | D:4      | Found Eloowk's Weapon Boutique.
  2694 | D:4      | Noticed a black bear
  2701 | D:4      | Killed a black bear
  2702 | D:4      | Reached XP level 6. HP: 26/34 MP: 5/10
  2834 | D:4      | Reached skill level 5 in Earth Magic
  2903 | D:4      | Noticed a sky beast
  2915 | D:4      | Killed a sky beast
  2933 | D:4      | Reached XP level 7. HP: 37/39 MP: 0/12
  3449 | D:4      | Found Zewoinog's General Store.
  3460 | D:4      | Bought a potion of heal wounds for 50 gold pieces
  3460 | D:4      | Bought a potion of curing for 30 gold pieces
  3517 | D:5      | Entered Level 5 of the Dungeon
  3534 | D:5      | Noticed Edmund
  3554 | D:4      | Killed Edmund
  3983 | D:5      | Reached XP level 8. HP: 45/45 MP: 10/14
  4001 | D:5      | Reached skill level 6 in Earth Magic
  4540 | D:6      | Found a blossoming altar of Fedhas.
  4542 | D:6      | Found a basalt altar of Yredelemnul.
  4546 | D:6      | Found a burning altar of Makhleb.
  4552 | D:6      | Found an ornate altar of the Wu Jian Council.
  5317 | D:6      | Found a staircase to the Ecumenical Temple.
  5367 | Temple   | Entered the Ecumenical Temple
  5440 | Temple   | Became a worshipper of Vehumet
  6115 | D:7      | Identified the +1 spear "Grum" {spect, rElec rF+ Dex+3}
  6262 | D:7      | Learned a level 4 spell: Brom's Barrelling Boulder
  6267 | D:7      | Learned a level 4 spell: Petrify
  6280 | D:7      | Reached skill level 5 in Conjurations
  6331 | D:7      | Reached skill level 7 in Earth Magic
  6331 | D:7      | Reached XP level 9. HP: 30/51 MP: 5/16
  6526 | D:7      | Noticed Maggie
  6533 | D:7      | Killed Maggie
  6534 | D:7      | Reached skill level 5 in Stealth
  6534 | D:7      | Reached skill level 5 in Spellcasting
  6984 | D:7      | Reached skill level 1 in Shields
  7505 | D:7      | Reached * piety under Vehumet
  7505 | D:7      | Offered knowledge of Shock by Vehumet.
  7620 | D:8      | Reached skill level 1 in Armour
  7664 | D:8      | Found a large runed translucent door.
  7665 | D:8      | Found a large runed translucent door.
  7666 | D:8      | Noticed Sundig's ghost (novice MiFi)
  7721 | D:8      | Noticed Prince Ribbit
  7747 | D:8      | Killed Prince Ribbit
  7748 | D:8      | Reached skill level 1 in Evocations
  7757 | D:8      | Reached skill level 8 in Earth Magic
  7910 | D:8      | Noticed Erica
  7936 | D:8      | Killed Erica
  7937 | D:8      | Reached XP level 10. HP: 58/58 MP: 10/18
  8282 | D:8      | Noticed a two-headed ogre
  8310 | D:8      | Killed a two-headed ogre
  9134 | D:9      | Reached ** piety under Vehumet
  9141 | D:9      | Offered knowledge of Poisonous Vapours by Vehumet.
  9287 | D:9      | Learned a level 2 spell: Poisonous Vapours
  9299 | D:9      | Found Beake's Assorted Antiques.
  9308 | D:9      | Bought a white potion for 28 gold pieces
  9308 | D:9      | Bought a thin bone amulet for 160 gold pieces
  9340 | D:9      | Found Myduefapn's Jewellery Emporium.
  9454 | D:9      | Found a hide-covered altar of Uskayaw.
  9552 | D:9      | Reached skill level 5 in Fighting
  9597 | D:9      | Found a staircase to the Orcish Mines.
  9716 | D:9      | Found Askupui's Jewellery Shoppe.
  9787 | D:9      | Noticed an arcanist
  9796 | D:9      | Killed an arcanist
  9797 | D:9      | Reached skill level 1 in Fire Magic
  9797 | D:9      | Reached skill level 9 in Earth Magic
  9797 | D:9      | Reached skill level 1 in Poison Magic
  9797 | D:9      | Reached XP level 11. HP: 63/63 MP: 10/20
  9949 | D:10     | Entered Level 10 of the Dungeon
 10136 | D:10     | Found a staircase to the Lair.
 10203 | D:10     | Offered knowledge of Dazzling Flash by Vehumet.
 10208 | D:10     | Reached skill level 1 in Air Magic
 10301 | D:10     | Noticed a two-headed ogre
 10305 | D:10     | Killed a two-headed ogre
 10842 | D:10     | Noticed an ogre mage
 10845 | D:10     | Killed an ogre mage
 10846 | D:10     | Reached skill level 5 in Shields
 11010 | D:11     | Noticed a sun demon
 11206 | D:11     | Noticed a two-headed ogre
 11227 | D:11     | Killed a two-headed ogre
 11227 | D:11     | Reached *** piety under Vehumet
 11504 | D:12     | Noticed Psyche
 11516 | D:12     | Noticed Urug
 11535 | D:12     | Killed Urug
 11539 | D:12     | Killed Psyche
 11558 | D:12     | Identified 2 scrolls of acquirement
 11558 | D:12     | Acquired the +0 pair of boots of the Gloaming {rPois rC+
                  | rN+ Str+3}
 11605 | D:12     | Found a gate leading to a gauntlet.
 11624 | Gauntlet | Entered a Gauntlet
 11624 | Gauntlet | Found a transporter.
 11648 | Gauntlet | Noticed a wretched star
 11659 | Gauntlet | Found a runed translucent door.
 11661 | Gauntlet | Found a transporter.
 11663 | Gauntlet | Found a runed translucent door.
 11664 | Gauntlet | Noticed a cacodemon
 11673 | Gauntlet | Found a transporter.
 11677 | Gauntlet | Found a transporter.
 11687 | Gauntlet | Found a transporter.
 11721 | Gauntlet | Found a transporter.
 11725 | Gauntlet | Found a transporter.
 11728 | Gauntlet | Found a transporter.
 11755 | Gauntlet | Noticed a large abomination
 11761 | Gauntlet | Found a transporter.
 11761 | Gauntlet | Found a transporter.
 11788 | Gauntlet | Found a transporter.
 11798 | Gauntlet | Found a transporter.
 11850 | Gauntlet | Acquired 871 gold pieces
 11882 | Gauntlet | Killed a cacodemon
 11883 | Gauntlet | Reached skill level 10 in Earth Magic
 11883 | Gauntlet | Reached XP level 12. HP: 52/69 MP: 4/23
 11888 | Gauntlet | Identified the amulet "Zilig" {Acrobat rPois rF++}
 12025 | Gauntlet | Identified the +1 hat "Leogguomm" {Int+3}
 12050 | Gauntlet | Identified the ring "Wyutuuku" {rF+ rC+ Str+5 Slay+2
                  | Stlth-}
 12050 | Gauntlet | Noticed a minotaur
 12070 | Gauntlet | Killed a minotaur
 12083 | Gauntlet | Identified the ring of Herea {rCorr Str+6 SInv}
 12085 | Gauntlet | Identified the +1 robe "Zotoram" {rF+ rN++ Dex-3 SInv}
 12297 | D:12     | Learned a level 3 spell: Ignite Poison
 12437 | D:12     | Identified the of Tukhog (You acquired it on level 12 of
                  | the Dungeon)
 12437 | D:12     | Acquired a staff of conjuration
 12452 | D:12     | Reached skill level 5 in Dodging
 12548 | D:12     | Offered knowledge of Iskenderun's Mystic Blast by Vehumet.
 12616 | D:12     | Learned a level 4 spell: Iskenderun's Mystic Blast
 12767 | D:12     | Noticed Frances
 12781 | D:12     | Killed Frances
 13446 | D:13     | Acquired 1177 gold pieces
 13543 | D:9      | Bought a pair of runed gloves for 240 gold pieces
 13594 | D:13     | Found Tahazesk's Tempting Trifles.
 13670 | D:13     | Noticed a six-headed hydra
 13679 | D:13     | Killed a six-headed hydra
 13835 | D:13     | Noticed Azrael
 13846 | D:13     | Killed Azrael
 13847 | D:13     | Reached skill level 5 in Transmutations
 13847 | D:13     | Noticed a centaur warrior
 13849 | D:13     | Killed a centaur warrior
 13867 | D:13     | Reached **** piety under Vehumet
 13933 | D:13     | Reached XP level 13. HP: 63/75 MP: 17/25
 13997 | D:13     | Reached skill level 11 in Earth Magic
 13997 | D:13     | Reached skill level 5 in Poison Magic
 13997 | D:13     | Offered knowledge of Mephitic Cloud by Vehumet.
 14006 | D:13     | Learned a level 3 spell: Mephitic Cloud
 14576 | D:13     | Found a gate to the Vaults.
 14762 | D:14     | You fall into a shaft and drop 1 floor!
 14762 | D:15     | Entered Level 15 of the Dungeon
 14819 | D:14     | Reached skill level 10 in Conjurations
 15058 | D:14     | Found a hazy altar of Hepliaklqana.
 15077 | D:14     | Reached ***** piety under Vehumet
 15080 | D:14     | Noticed Rupert
 15086 | D:14     | Paralysed by Rupert for 3 turns
 15169 | D:14     | Offered knowledge of Bombard by Vehumet.
 15226 | D:14     | Killed Rupert
 15785 | D:15     | Reached skill level 1 in Translocations
 15848 | D:15     | Gained mutation: Your large and strong wings let you fly.
                  | [Gargoyle growth]
 15848 | D:15     | Reached XP level 14. HP: 36/82 MP: 5/26
 16369 | D:14     | Reached skill level 12 in Earth Magic
 16637 | D:15     | Reached skill level 5 in Fire Magic
 16954 | D:15     | Found a staircase to the Depths.
 17408 | Lair:1   | Entered Level 1 of the Lair of Beasts
 18777 | Lair:2   | Found a staircase to the Snake Pit.
 19675 | Lair:2   | Learned a level 6 spell: Bombard
 19825 | Lair:3   | Reached XP level 15. HP: 77/86 MP: 20/28
 20401 | Lair:3   | Offered knowledge of Olgreb's Toxic Radiance by Vehumet.
 20951 | Lair:3   | Found a staircase to the Shoals.
 21061 | Lair:3   | Found a white marble altar of Elyvilon.
 21148 | Lair:3   | Reached skill level 13 in Earth Magic
 21520 | Lair:4   | Reached skill level 10 in Spellcasting
 21661 | Lair:4   | Reached skill level 10 in Shields
 21687 | Lair:4   | Learned a level 4 spell: Olgreb's Toxic Radiance
 22843 | Lair:5   | Entered Level 5 of the Lair of Beasts
 22856 | Lair:4   | Reached ****** piety under Vehumet
 22899 | Lair:5   | Noticed Nessos
 22904 | Lair:5   | Killed Nessos
 22917 | Lair:5   | Offered knowledge of Conjure Ball Lightning by Vehumet.
 23110 | Lair:5   | Found a staircase to the Slime Pits.
 23426 | Lair:5   | Reached XP level 16. HP: 93/93 MP: 21/30
 24217 | Lair:5   | Found a runed translucent door.
 24754 | Orc:1    | Entered Level 1 of the Orcish Mines
 25206 | Orc:2    | Entered Level 2 of the Orcish Mines
 25225 | Orc:2    | Found Ycivuuvi's Antique Armour Shoppe.
 25297 | Orc:2    | Found a staircase to the Elven Halls.
 25392 | Orc:2    | Offered knowledge of Spellforged Servitor by Vehumet.
 25496 | Orc:2    | Paralysed by an orc sorcerer for 3 turns
 25639 | Orc:2    | Found Rannin Dibei's Distillery.
 25647 | Orc:2    | Bought a potion of haste for 140 gold pieces
 25647 | Orc:2    | Bought 2 potions of curing for 84 gold pieces
 25647 | Orc:2    | Bought a potion of haste for 140 gold pieces
 25647 | Orc:2    | Bought a potion of curing for 42 gold pieces
 25965 | Orc:2    | Found Hut Yba's Armour Boutique.
 25983 | Orc:2    | Found Joidiab's Magic Scroll Emporium.
 25987 | Orc:2    | Offered knowledge of Orb of Destruction by Vehumet.
 25992 | Orc:2    | Bought a scroll of enchant armour for 105 gold pieces
 26088 | Orc:2    | Found Oskotaugh's Distillery.
 26088 | Orc:2    | Found Guvicaha's Antique Weapon Emporium.
 26094 | Orc:2    | Bought a potion of heal wounds for 85 gold pieces
 26094 | Orc:2    | Bought a potion of heal wounds for 85 gold pieces
 26335 | Shoals:1 | Entered Level 1 of the Shoals
 26568 | Shoals:1 | HP: 3/94 [merfolk javelineer/silver javelin (5)]
 27110 | Shoals:1 | Reached skill level 5 in Air Magic
 27293 | Shoals:1 | Reached skill level 14 in Earth Magic
 27935 | Shoals:2 | Reached XP level 17. HP: 99/99 MP: 26/32
 28226 | Shoals:2 | Identified the +0 robe of Noon {rPois}
 28447 | Shoals:2 | Offered knowledge of Lee's Rapid Deconstruction by Vehumet.
 28455 | Shoals:2 | Learned a level 5 spell: Lee's Rapid Deconstruction
 29235 | Shoals:3 | Noticed Ilsuiw
 29249 | Shoals:3 | Killed Ilsuiw
 29967 | Shoals:4 | Entered Level 4 of the Shoals
 30075 | Shoals:4 | Got a barnacled rune of Zot
 30207 | Shoals:4 | Offered knowledge of Plasma Beam by Vehumet.
 30594 | Shoals:4 | Learned a level 6 spell: Plasma Beam
 30627 | Shoals:4 | Noticed a kraken
 30630 | Shoals:4 | Killed a kraken
 30761 | Abyss:3  | Found a corrupted altar of Lugonu.
 30761 | Abyss:3  | Cast into level 3 of the Abyss (merfolk javelineer)
 30963 | Abyss:3  | Noticed an Executioner
 31104 | Abyss:3  | Reached XP level 18. HP: 45/104 MP: 5/33
 31349 | Shoals:4 | Escaped the Abyss
 31493 | Shoals:4 | Reached skill level 10 in Poison Magic
 32337 | Snake:1  | Entered Level 1 of the Snake Pit
 32512 | Snake:1  | Reached skill level 15 in Earth Magic
 33659 | Snake:2  | Offered knowledge of Lehudib's Crystal Spear by Vehumet.
 33659 | Snake:2  | Offered knowledge of Shatter by Vehumet.
 33659 | Snake:2  | Offered knowledge of Maxwell's Capacitive Coupling by
                  | Vehumet.
 33729 | Snake:2  | Reached skill level 5 in Translocations
 33750 | Snake:2  | Learned a level 2 spell: Blink
 33892 | Snake:2  | Found Esoil's Weapon Shoppe.
 33894 | Snake:2  | Found Oclile's Antique Weapon Emporium.
 33896 | Snake:2  | Found Esabepiaw's General Store.
 34065 | Snake:2  | Found Guxkinulaps's Magic Scroll Shoppe.
 34065 | Snake:2  | Found Lojup's Distillery.
 34072 | Snake:2  | Found Cirhevua's General Store.
 34074 | Snake:2  | Bought a scroll of enchant armour for 135 gold pieces
 34074 | Snake:2  | Bought a scroll of enchant armour for 135 gold pieces
 34074 | Snake:2  | Bought a scroll of blinking for 135 gold pieces
 34081 | Snake:2  | Bought a potion of resistance for 120 gold pieces
 34086 | Snake:2  | Found Yvorig's Weapon Boutique.
 34131 | Snake:2  | Noticed Kirke
 34137 | Snake:2  | Killed Kirke
 35157 | Snake:4  | Entered Level 4 of the Snake Pit
 35373 | Snake:4  | Reached XP level 19. HP: 110/110 MP: 8/35
 35664 | Snake:4  | Found an iron altar of Okawaru.
 35994 | Snake:4  | Reached skill level 10 in Fire Magic
 37629 | Snake:4  | Got a serpentine rune of Zot
 37896 | Vaults:5 | Identified the "Purid"
 37896 | Elf:1    | Identified the of Gemogyu
 37896 | Elf:1    | Entered Level 1 of the Elven Halls
 37976 | Elf:1    | Found a radiant altar of Vehumet.
 38289 | Elf:1    | Found Tiev's Distillery.
 38322 | Elf:1    | Bought a potion of curing for 33 gold pieces
 38322 | Elf:1    | Bought a potion of heal wounds for 55 gold pieces
 38322 | Elf:1    | Bought a potion of brilliance for 44 gold pieces
 38322 | Elf:1    | Bought a potion of brilliance for 44 gold pieces
 38322 | Elf:1    | Bought a potion of might for 44 gold pieces
 38605 | Elf:1    | Reached skill level 16 in Earth Magic
 38708 | Elf:1    | Reached skill level 10 in Fighting
 39350 | Desolati | Identified the "Juengaih"
 39350 | Desolati | Identified the of Husaus
 39350 | Desolati | Identified the of Wetocsut
 39352 | Elf:2    | Found a white marble altar of Elyvilon.
 39353 | Elf:2    | Found a crumbling gateway.
 39353 | Elf:2    | Found a glowing silver altar of Zin.
 39408 | Elf:2    | Found a glowing golden altar of the Shining One.
 39436 | Desolati | Entered the Desolation of Salt
 39461 | Desolati | Reached XP level 20. HP: 55/117 MP: 3/36
 39681 | Desolati | Reached skill level 10 in Transmutations
 39895 | Desolati | Identified the +1 robe of the Sacrificial Victim {rC+
                  | Str+2}
 40030 | Desolati | Identified the +1 trident of Arbitration {flame, Str+4}
 40223 | Desolati | Identified the ring "Latogasm" {rCorr EV+5 Dex+3}
 41047 | Elf:2    | Found a runed translucent gate.
 41048 | Elf:2    | Found a runed translucent gate.
 41048 | Elf:2    | Found a runed translucent gate.
 41130 | Elf:2    | Found Qokup's General Store.
 41347 | Abyss:3  | Cast into level 3 of the Abyss (a deep elf sorcerer)
 41490 | Abyss:3  | Reached skill level 15 in Conjurations
 41499 | Abyss:3  | Reached skill level 1 in Staves
 41690 | Elf:2    | Escaped the Abyss
 42632 | Elf:3    | Identified the "Tipamia"
 42632 | Elf:3    | Entered Level 3 of the Elven Halls
 42666 | Elf:3    | Reached XP level 21. HP: 117/123 MP: 34/38
 42684 | Elf:3    | Paralysed by an air elemental for 1 turns
 42715 | Elf:3    | Identified the ring "Voujoad" {Fly Int+2}
 42861 | Elf:3    | Identified the +4 sling of the Hurtling Gods {flame, rF-
                  | rCorr Int+3 SInv}
 42895 | Elf:3    | Identified the amulet "Ijur" {RegenMP Regen+ rCorr Int-3
                  | Dex+4}
 42954 | Elf:3    | Identified the +7 quarterstaff "Orb Guardian's Foe" {heavy,
                  | rCorr Stlth+}
 42956 | Elf:3    | Identified the staff of Lies {rN+ Earth}
 42985 | Elf:3    | Identified the +8 mace of Punishment {heavy, rC++ Stlth-}
 42986 | Elf:3    | Identified the +3 rapier of Tolit {drain, Str+6 Int-4}
 43007 | Elf:3    | Identified the staff "Tostunt" {rElec rF+ rC- rN+ Str+2
                  | Air}
 43069 | Elf:3    | Found Bos Dil's General Store.
 43107 | Elf:3    | Paralysed by an air elemental for 1 turns
 43140 | Elf:3    | Reached skill level 17 in Earth Magic
 43447 | Elf:3    | Found Acasosm's Book Boutique.
 43537 | Elf:3    | Found Tuxitil's Assorted Antiques.
 43545 | Elf:3    | Bought a potion of curing for 78 gold pieces
 43545 | Elf:3    | Bought an encrusted leather armour for 182 gold pieces
 43545 | Elf:3    | Identified the +2 leather armour "Adihu" {Str+3} (You
                  | bought it in a shop on level 3 of the Elven Halls)
 43731 | Elf:2    | Found a shimmering blue altar of Sif Muna.
 44112 | Depths:1 | Entered Level 1 of the Depths
 44201 | Depths:1 | Found a gateway to Hell.
 44303 | Depths:1 | Found Ocatuwk's CLEARANCE SALE!.
 44326 | Depths:1 | Bought a potion of curing for 9 gold pieces
 44594 | Depths:1 | Found Noboadghe's Distillery.
 44606 | Depths:1 | Bought a potion of curing for 60 gold pieces
 44606 | Depths:1 | Bought a potion of heal wounds for 100 gold pieces
 44606 | Depths:1 | Bought 2 potions of brilliance for 160 gold pieces
 44606 | Depths:1 | Bought a potion of brilliance for 80 gold pieces
 44606 | Depths:1 | Bought a potion of curing for 60 gold pieces
 44606 | Depths:1 | Bought a potion of curing for 60 gold pieces
 44679 | Depths:1 | Found a one-way gate to the infinite horrors of the Abyss.
 44731 | Depths:1 | Reached skill level 15 in Shields
 44839 | Depths:1 | Gained mutation: You have a beak for a mouth. [a cacodemon]
 44849 | Depths:1 | Gained mutation: You are frail. (-10% HP) [a cacodemon]
 45202 | Depths:1 | Found a one-way gate leading to the halls of Pandemonium.
 45353 | Depths:2 | Noticed a golden dragon
 45497 | Vaults:1 | Entered Level 1 of the Vaults
 45501 | Vaults:1 | Reached XP level 22. HP: 102/117 MP: 34/39
 45978 | Vaults:1 | Found Bil Buas's Antique Armour Shoppe.
 45986 | Vaults:1 | Bought a pair of runed gloves for 210 gold pieces
 46499 | Vaults:1 | You are sucked into a shaft and drop 1 floor!
 46524 | Vaults:2 | Reached skill level 5 in Armour
 46654 | Vaults:2 | Learned a level 8 spell: Lehudib's Crystal Spear
 46910 | Vaults:2 | Paralysed by a great orb of eyes for 2 turns
 47319 | Vaults:2 | Lost mutation: You are frail. (-10% HP) [potion of
                  | mutation]
 47319 | Vaults:2 | Lost mutation: You have a beak for a mouth. [potion of
                  | mutation]
 47319 | Vaults:2 | Gained mutation: You have a pair of small antennae on your
                  | head. [potion of mutation]
 47319 | Vaults:2 | Gained mutation: You are weak. (Str -2) [potion of
                  | mutation]
 47319 | Vaults:2 | Gained mutation: Your magical capacity is low. (-10% MP)
                  | [potion of mutation]
 47320 | Vaults:2 | Lost mutation: You have a pair of small antennae on your
                  | head. [potion of mutation]
 47320 | Vaults:2 | Lost mutation: You are weak. (Str -2) [potion of mutation]
 47320 | Vaults:2 | Gained mutation: You possess an exceptional clarity of
                  | mind. [potion of mutation]
 47320 | Vaults:2 | Gained mutation: Armour fits poorly on your strangely
                  | shaped body. [potion of mutation]
 47321 | Vaults:2 | Lost mutation: You possess an exceptional clarity of mind.
                  | [potion of mutation]
 47321 | Vaults:2 | Lost mutation: Armour fits poorly on your strangely shaped
                  | body. [potion of mutation]
 47321 | Vaults:2 | Lost mutation: Your magical capacity is low. (-10% MP)
                  | [potion of mutation]
 47321 | Vaults:2 | Gained mutation: You occasionally lose the ability to drink
                  | potions when taking damage. [potion of mutation]
 47321 | Vaults:2 | Gained mutation: Your movements are slightly less
                  | encumbered by armour. (ER -2) [potion of mutation]
 47322 | Vaults:2 | Lost mutation: You occasionally lose the ability to drink
                  | potions when taking damage. [potion of mutation]
 47322 | Vaults:2 | Lost mutation: Your movements are slightly less encumbered
                  | by armour. (ER -2) [potion of mutation]
 47322 | Vaults:2 | Gained mutation: Your body sometimes deteriorates upon
                  | taking damage. [potion of mutation]
 47322 | Vaults:2 | Gained mutation: You are strong-willed. (Will+) [potion of
                  | mutation]
 47828 | Vaults:3 | Identified the +8 hand axe "Bore" {venom, Str+3}
 47925 | Vaults:3 | Found Gots's Weapon Shoppe.
 47993 | Vaults:3 | Found a portal to a secret trove of treasure.
 48009 | Vaults:3 | Found a staircase to the Crypt.
 48840 | Vaults:3 | Identified the +0 robe "Tiriac" {rC+ Will+ MP+9 Int+3}
 49058 | Vaults:4 | Identified the +0 plate armour of Pyateth {rPois rC+ rCorr}
 49105 | Vaults:4 | Reached XP level 23. HP: 135/135 MP: 41/41
 49300 | Vaults:4 | Reached skill level 18 in Earth Magic
 49497 | Vaults:4 | Identified the +6 whip "Laowiff" {spect, rC+ Will+ Stlth+}
 50020 | Vaults:4 | Noticed Mennas
 50067 | Vaults:4 | Killed Mennas
 50575 | Depths:1 | Killed a golden dragon
 50644 | Depths:2 | Identified the +2 scimitar "Umaiwelo" {freeze, rF+ Str+5}
 50648 | Depths:2 | Found the +3 pair of mountain boots {steadfast, rC+}
 50767 | Depths:2 | Identified the -1 tower shield "Ginitt" {rElec rF+ Int-5}
 50827 | Depths:2 | Found Lisyifer's Armour Boutique.
 50978 | Depths:2 | Found a one-way gateway to a ziggurat.
 51150 | Depths:2 | Identified the +5 demon whip of Magnificence {venom, Fly
                  | rC- Dex-5 SInv}
 51639 | Depths:3 | Noticed a juggernaut
 51647 | Depths:3 | Killed a juggernaut
 51691 | Depths:3 | Noticed Boris
 51715 | Depths:3 | Killed Boris
 51788 | Depths:3 | Found Okit's Self-Improvement Boutique.
 51790 | Depths:3 | Found Umoer's Distillery.
 51795 | Depths:3 | Bought a manual of Fighting for 1840 gold pieces
 51806 | Depths:3 | Bought a potion of curing for 30 gold pieces
 51806 | Depths:3 | Bought 2 potions of haste for 200 gold pieces
 51806 | Depths:3 | Bought a potion of cancellation for 80 gold pieces
 51806 | Depths:3 | Bought a potion of ambrosia for 80 gold pieces
 52045 | Depths:3 | Reached skill level 5 in Staves
 52163 | Depths:3 | Reached XP level 24. HP: 132/142 MP: 25/41
 52334 | Depths:3 | Found an opulent altar of Gozag.
 52656 | Depths:3 | Found a transporter.
 52665 | Depths:3 | Noticed D12ThenQuit's ghost (veteran OpFi)
 52665 | Depths:3 | Noticed a caustic shrike
 52682 | Depths:3 | Found a transporter.
 52794 | Depths:4 | Entered Level 4 of the Depths
 53001 | Depths:4 | Noticed Jory
 53070 | Depths:4 | Killed Jory
 53121 | Depths:4 | Reached skill level 15 in Spellcasting
 53176 | Depths:3 | Upgraded the game from 0.31-a0-931-g7b59d4eb97 to
                  | 0.31-a0-940-gdaa99269f9
 53898 | Depths:4 | Found a gate to the Realm of Zot.
 54336 | Slime:1  | Entered Level 1 of the Pits of Slime
 55112 | Vaults:5 | Entered Level 5 of the Vaults
 55118 | Vaults:5 | Reached skill level 5 in Evocations
 55470 | Vaults:5 | Reached skill level 19 in Earth Magic
 55634 | Vaults:5 | Reached XP level 25. HP: 150/150 MP: 35/42
 56288 | Vaults:5 | Found Irasson's Weapon Shoppe.
 56329 | Vaults:5 | Identified the +0 robe of Bedevilment {-Tele rN+ Dex+6
                  | Slay+2}
 56353 | Vaults:5 | Identified the staff "Piogason" {rPois rC+ Ice}
 56526 | Vaults:5 | Reached skill level 10 in Dodging
 56763 | Vaults:5 | Noticed an ancient lich
 56771 | Vaults:5 | Killed an ancient lich
 56820 | Vaults:5 | Identified the +6 long sword of the Sage {flame, Will+
                  | Int+3}
 56922 | Vaults:5 | Found the +3 crown of Dyrovepreva {rElec Int+2 SInv}
 56923 | Vaults:5 | Found Saoschips's Armour Shoppe.
 57101 | Vaults:5 | Found Nutwumoh's Armour Shoppe.
 57363 | Vaults:5 | Identified the ring of the Shishi {Wiz Fly rN+ Str-4
                  | Stlth+}
 57378 | Vaults:5 | Got a silver rune of Zot
 57683 | Hell     | Entered the Vestibule of Hell
 57683 | Hell     | Noticed Geryon
 57804 | Hell     | Killed Geryon
 58549 | Hell     | Found a gateway to the decaying netherworld of Tartarus.
 58832 | Vaults:3 | You paid a toll of the horn of Geryon to enter a treasure
                  | trove
 58833 | Trove    | Entered a treasure trove
 58842 | Trove    | Identified the +1 scale mail "Otwohul" {rC+++ Dex-2 Slay+6}
 58844 | Trove    | Identified the +2 troll leather armour "Zynti" {*Slow
                  | Regen+ Int+6}
 58848 | Trove    | Identified the orb "Nommonet" {*channel, Rampage rElec
                  | Str+2}
 58857 | Trove    | Identified the +0 plate armour of Xuurelaw {Will+++}
 58861 | Trove    | Identified the +1 pair of gloves of Good Intentions
                  | {Rampage}
 58863 | Trove    | Identified the +1 pair of boots "Ojujatau" {Int+3}
 59127 | Zot:1    | Entered Level 1 of the Realm of Zot
 59129 | Zot:1    | Identified the +2 cloak of the Gloaming {rElec rCorr Int-4
                  | SInv}
 59353 | D:12     | Identified the +10 plate armour "Moulin" {Rampage rF-
                  | Regen+ SInv}
 59462 | D:8      | Killed Sundig's ghost
 59598 | D:3      | Killed Xavori's ghost
 60033 | Depths:3 | Reached skill level 15 in Poison Magic
 60033 | Depths:3 | Killed D12ThenQuit's ghost
 60069 | Depths:3 | Identified the ring "Meuryd Rur" {rPois rN+ Will+ MP+9}
 60070 | Depths:3 | Identified the ring of Ishrad {rF+ EV+5 Int+2}
 60078 | Depths:3 | Identified the +0 leather armour of the Depths {rN++}
 60590 | Zot:1    | Identified the +1 cloak "Weneod" {rCorr}
 60668 | Depths:4 | Reached XP level 26. HP: 115/157 MP: 8/42
 60808 | Zot:1    | Found a transporter.
 60808 | Zot:1    | Found a transporter.
 60924 | Zot:1    | Noticed Unkupp's ghost (veteran OgBe)
 60926 | Zot:1    | Found a bloodstained altar of Trog.
 61732 | Zot:2    | Noticed an ancient lich
 61905 | Zot:2    | Reached skill level 10 in Stealth
 61905 | Zot:2    | Reached skill level 15 in Fire Magic
 62438 | Zot:2    | Killed an ancient lich
 62904 | Zot:2    | Identified the ring "Zumnotsa" {Ice Dex+3}
 62904 | Zot:2    | Noticed Josephina
 62910 | Zot:2    | Killed Josephina
 62914 | Zot:2    | Noticed an orb of fire
 62926 | Zot:2    | Gained mutation: You are partially covered in large bone
                  | plates. (SH +4) [an orb of fire]
 62928 | Zot:2    | Gained mutation: Your body often deteriorates upon taking
                  | damage. [an orb of fire]
 62930 | Zot:2    | Gained mutation: You do not regenerate when monsters are
                  | visible. [an orb of fire]
 62936 | Zot:2    | Gained mutation: You occasionally shout uncontrollably at
                  | your foes. [an orb of fire]
 62942 | Zot:2    | Gained mutation: Your magical capacity is low. (-10% MP)
                  | [an orb of fire]
 62945 | Zot:2    | Killed an orb of fire
 62946 | Zot:2    | Reached skill level 20 in Earth Magic
 63017 | Zot:2    | Learned a level 9 spell: Shatter
 63418 | Zot:2    | Lost mutation: You are strong-willed. (Will+) [potion of
                  | mutation]
 63418 | Zot:2    | Lost mutation: You are partially covered in large bone
                  | plates. (SH +4) [potion of mutation]
 63418 | Zot:2    | Lost mutation: You do not regenerate when monsters are
                  | visible. [potion of mutation]
 63418 | Zot:2    | Gained mutation: You are clumsy. (Dex -2) [potion of
                  | mutation]
 63418 | Zot:2    | Gained mutation: Your muscles are strong. (Str +4, Int/Dex
                  | -1) [potion of mutation]
 63419 | Zot:2    | Lost mutation: Your body often deteriorates upon taking
                  | damage. [potion of mutation]
 63419 | Zot:2    | Lost mutation: Your muscles are strong. (Str +4, Int/Dex
                  | -1) [potion of mutation]
 63419 | Zot:2    | Lost mutation: Your body sometimes deteriorates upon taking
                  | damage. [potion of mutation]
 63419 | Zot:2    | Gained mutation: Your mind is acute. (Int +4, Str/Dex -1)
                  | [potion of mutation]
 63419 | Zot:2    | Gained mutation: Your spells are a little harder to cast,
                  | but a little more powerful. [potion of mutation]
 63420 | Zot:2    | Lost mutation: You occasionally shout uncontrollably at
                  | your foes. [potion of mutation]
 63420 | Zot:2    | Lost mutation: Your mind is acute. (Int +4, Str/Dex -1)
                  | [potion of mutation]
 63420 | Zot:2    | Lost mutation: Your magical capacity is low. (-10% MP)
                  | [potion of mutation]
 63420 | Zot:2    | Gained mutation: You are vulnerable to heat. (rF-) [potion
                  | of mutation]
 63420 | Zot:2    | Lost mutation: You are clumsy. (Dex -2) [potion of
                  | mutation]
 63420 | Zot:2    | Gained mutation: You are frail. (-10% HP) [potion of
                  | mutation]
 63421 | Zot:2    | Lost mutation: You are vulnerable to heat. (rF-) [potion of
                  | mutation]
 63421 | Zot:2    | Lost mutation: Your spells are a little harder to cast, but
                  | a little more powerful. [potion of mutation]
 63421 | Zot:2    | Lost mutation: You are frail. (-10% HP) [potion of
                  | mutation]
 63421 | Zot:2    | Gained mutation: You are partially covered in iridescent
                  | scales. (AC +2) [potion of mutation]
 63421 | Zot:2    | Gained mutation: You are frail. (-10% HP) [potion of
                  | mutation]
 63479 | Zot:3    | Noticed a Killer Klown
 63564 | Zot:2    | Killed a Killer Klown
 65215 | Zot:4    | Reached XP level 27. HP: 147/147 MP: 22/43
 65521 | Zot:5    | Entered Level 5 of the Realm of Zot
 65837 | Zot:5    | Noticed a dread lich
 65841 | Zot:5    | Killed a dread lich
 65876 | Zot:5    | Reached skill level 15 in Fighting
 65932 | Zot:5    | Noticed an ancient lich
 65937 | Zot:5    | Killed an ancient lich
 65947 | Zot:5    | Noticed an ancient lich
 65964 | Zot:5    | Killed an ancient lich
 66365 | Zot:5    | Noticed an orb of fire
 66368 | Zot:5    | Gained mutation: Your body sometimes deteriorates upon
                  | taking damage. [an orb of fire]
 66370 | Zot:5    | Killed an orb of fire
 66473 | Zot:5    | Noticed a dread lich
 66483 | Zot:5    | Killed a dread lich
 66965 | Zot:5    | Noticed an orb of fire
 66969 | Zot:5    | Gained mutation: You are mostly covered in iridescent
                  | scales. (AC +4) [an orb of fire]
 66975 | Zot:5    | Killed an orb of fire
 66978 | Zot:5    | Noticed an orb of fire
 66979 | Zot:5    | Gained mutation: Your body often deteriorates upon taking
                  | damage. [an orb of fire]
 67124 | Zot:5    | Noticed a dread lich
 67129 | Zot:5    | Killed a dread lich
 67130 | Zot:5    | Reached skill level 10 in Armour
 67429 | Zot:5    | Got the Orb of Zot
 67616 | Depths:4 | Noticed Umogug the pandemonium lord
 67843 | D:6      | Reached skill level 21 in Earth Magic
 68013 | D:$      | Escaped with the Orb!

Illustrated notes

Levels and vault maps discovered:
D:1:      evilmike_arrival_crescent, layout_basic, minmay_misc_feat_x
D:2:      layout_rooms
D:3:      layout_loops_ring, ebering_ghost_reflecting_pool
D:4:      layout_basic, mainiacjoe_overflow_catwalk, serial_shops, shop, shop,
          shop, hangedman_decor_clover_reticule
D:5:      layout_cave_pools, columned_hall_lemuel, minmay_ogre_servants,
          uniq_edmund
D:6:      layout_basic, nicolae_overflow_macrodata_refinement,
          minmay_temple_entry_poolview, small_statue_intersection,
          amethyst_killhole
D:7:      layout_gridville, uniq_maggie
D:8:      kennysheep_blocky_room, layout_cave_pools,
          ebering_ghost_disaster_area, uniq_prince_ribbit1, uniq_erica
D:9:      layout_rooms, nicolae_uskayaw_dance_hall, orc_0_dummy, serial_shops,
          nicolae_diamond_shop, shop, shop, roderic_serpentine_path,
          lightli_wizard_tower
D:10:     layout_cross, lair_entry_dummy, serial_column_ruins, column_ruins_hut,
          column_ruins_hut, column_ruins_open_small, column_ruins_open_medium,
          column_ruins_open_tiny, column_ruins_columns_corner,
          column_ruins_corridor_straight
D:11:     layout_basic
D:12:     layout_roguey, gauntlet_entry_generic, minmay_protected_statue,
          uniq_psyche, uniq_frances, uniq_urug
D:13:     layout_loops_ring, hangedman_vaults_entry_quadrant_bands,
          nicolae_alphabet_shops, nicolae_concentric_dashed_squares_wild,
          uniq_azrael
D:14:     layout_basic, nzn_hepliaklqana_mist_gate, uniq_rupert
D:15:     gammafunk_depths_entry_grave, layout_rooms,
          chequers_serial_rivers_micro_a, minmay_misc_feat_square
Temple:   minmay_temple_bridge_d
Lair:1:   layout_roguey
Lair:2:   layout_long_grid, alex1729_snake_entry_snake, worms_lemuel
Lair:3:   regret_index_tunnel_blossom, layout_loops_ring,
          elwin_shoals_entry_rooms, lemuel_centaur_altar, serial_bayou_shore_a
Lair:4:   layout_concentric_octagons, grunt_megastairs_1
Lair:5:   wormcave, layout_small_grid, guppyfry_lair_end_dragon,
          nicolae_slime_entry_field_trip, nicolae_lair_grazing_beasts
          [nicolae_sub_lair_graze_edge, nicolae_sub_lair_graze_edge,
          nicolae_sub_lair_graze_edge, nicolae_sub_lair_graze_edge], uniq_nessos
Shoals:1: layout_shoals, nicolae_shoals_pincushion_passage
Shoals:2: layout_shoals, nicolae_shoals_this_corrosion
Shoals:3: layout_shoals, uniq_ilsuiw
Shoals:4: shoals_end_simple, layout_shoals
Snake:1:  layout_layer_cave, nicolae_snake_bzzzt
Snake:2:  layout_grid_shapes, st_stairs_1, nicolae_snake_serpentine_bazaar,
          minmay_shop_star, uniq_kirke
Snake:3:  layout_rooms
Snake:4:  minmay_snake_end_coiled, layout_cave_town, basic_altar,
          nicolae_snake_guarding_the_ruins
Slime:1:  layout_caves
Orc:1:    layout_diamond_mine
Orc:2:    st_orc_town, layout_caves, basic_altar, serial_shops,
          nicolae_shop_window_shopping, guppyfry_orc_lava_fort
Elf:1:    eino_elf_arrival_altar, layout_onion_city, serial_shops,
          nicolae_shop_advertising_works [nicolae_subvault_shop_adworks],
          hangedman_elven_crosses_minicolossus
Elf:2:    nicolae_elf_blades_crystal_corner, layout_geoelf_diagonals,
          portal_desolation_entry_holy_temple, serial_shops, shop,
          lemuel_upstairs_altar
Elf:3:    minmay_elf_hall_quartered_circle, layout_gridlike, serial_shops,
          shop_statue, shop, shop, serial_sigils, serial_sigils_hangedman_stare,
          serial_sigils_hangedman_gnaw, serial_sigils_hangedman_shear,
          serial_sigils_hangedman_snap, hangedman_elf_disciples
Vaults:1: nicolae_vaults_closet_pinwheel_5, grunt_vaults_trifunnel, v_pattern_4,
          nicolae_vaults_double_plus_1, hangedman_vaults_impose,
          nicolae_vaults_spaceships, vaults_dpeg_cross, v_alt_pattern_3,
          v_misc_5, nicolae_vaults_two_Ls, v_misc_16,
          nicolae_vaults_mini_display_case, ontoclasm_vaults_gateway,
          vaults_room_hallway, nicolae_vaults_trapezoid_lopsided_1,
          layout_vaults_big_cross, serial_shops, nicolae_lakefront_shop
Vaults:2: nicolae_vaults_network_quincunx
          [nicolae_vaults_network_quincunx_subvault,
          nicolae_vaults_network_quincunx_subvault,
          nicolae_vaults_network_quincunx_subvault,
          nicolae_vaults_network_quincunx_subvault,
          nicolae_vaults_network_quincunx_subvault],
          nicolae_vaults_network_star, nicolae_vaults_mitosis,
          nicolae_vaults_tetromino_T_1, nicolae_vaults_heart-shaped_vault,
          vaults_room_corners, vaults_dpeg_encased_lava, layout_vaults_big_room
Vaults:3: vaults_dpeg_diagonal, vaults_room_fours, v_misc_24,
          nicolae_vaults_offset_grid_hallway_3,
          nicolae_vaults_heart-shaped_vault, grunt_vaults_bifocal,
          minmay_crypt_entry_simple_sparse, nicolae_vaults_tetromino_L_1,
          nicolae_vaults_taking_the_gang_shopping, layout_vaults_omnigrid,
          enter_trove_3
Vaults:4: v_misc_8, dpeg_vaults_monster_row, v_alt_pattern_4,
          vaults_mumra_minichess, hangedman_vaults_snaps,
          nicolae_vaults_diagonal_hallway_8, nicolae_vaults_network_s,
          nicolae_vaults_weapon_check, v_misc_23, v_misc_26,
          nicolae_vaults_two_Ls, nicolae_vaults_gold_heap,
          nicolae_vaults_storage_room_statues, nicolae_vaults_little_squares_6,
          layout_vaults_ring, uniq_mennas
Vaults:5: serial_shops
Depths:1: layout_gridlike, rand_demon_pan_entry_8, serial_shops,
          nicolae_shop_window_shopping, hangedman_coc_ice_floe, nrook_campfire,
          hangedman_abyss_entry_splay, nicolae_shop_clearance,
          nicolae_integral_box
Depths:2: minmay_ambush_box, layout_cave_pools, enter_ziggurat_c, hellmouth_1,
          pan_entry, dreamdust_wishing_well, serial_shops, shop_fountains,
          hangedman_glass_teeth
Depths:3: grunt_deathspiral_large, layout_small_grid, grunt_gozag_statues,
          abyss_entry_crystal, hell_entry, gammafunk_ghost_berserking_beasts,
          serial_shops, nicolae_diamond_shop, nicolae_shop_self_help, uniq_boris
Depths:4: grunt_twist_and_shout, layout_cave_shapes, hell_entry,
          chequers_decorated_corner, minmay_hedge_maze, uniq_jory
Hell
Zot:1:    layout_misc_corridors, gammafunk_ghost_wrathful_warriors,
          grunt_megastairs_3
Zot:2:    hangedman_snap_crack_crunch, layout_cathedral_of_symmetry,
          uniq_josephina
Zot:3:    layout_misc_corridors
Zot:4:    layout_basic, hangedman_swamp_dais
Zot:5:    layout_misc_corridors, lemuel_golem_globe

Skill      XL: |  1  2  3  4  5  6  7  8  9 10 11 12 13 14 15 16 17 18 19 20 21 22 23 24 25 26 27 |
---------------+----------------------------------------------------------------------------------+-----
Transmutations | 1 2 3 4 5 6 7 8 9 10 11 12 13 14 | 14.3
Earth Magic    | 4 5 7 8 9 10 11 12 13 14 15 16 17 18 19 20 21 | 21.0
Dodging        | 2 3 4 5 6 7 8 9 10 | 10.9
Conjurations   | 2 3 5 6 7 8 9 10 11 12 13 14 15 16 17 18 19 | 19.5
Fighting       | 1 2 3 4 5 6 7 8 9 10 11 12 13 14 15 | 15.6
Stealth        | 3 4 5 6 7 8 9 10 | 10.0
Spellcasting   | 3 4 5 6 7 8 9 10 11 12 13 14 15 16 | 16.9
Shields        | 2 4 5 7 8 9 10 11 12 13 14 15 | 15.0
Armour         | 2 3 4 5 6 7 8 9 10 | 10.0
Evocations     | 1 2 3 4 5 6 |  6.0
Fire Magic     | 1 2 3 4 5 7 8 9 10 11 12 13 14 15 16 | 16.1
Poison Magic   | 1 3 4 6 7 8 9 10 11 12 13 14 15 16 | 16.4
Air Magic      | 2 3 4 5 6 7 8 |  8.4
Translocations | 1 2 3 4 5 |  5.0
Staves         | 1 3 4 5 6 7 8 |  8.6

Action                     |  1- 3 |  4- 6 |  7- 9 | 10-12 | 13-15 | 16-18 | 19-21 | 22-24 | 25-27 || total
---------------------------+-------+-------+-------+-------+-------+-------+-------+-------+-------++-------
  Melee: Morningstar       |       |    13 |    12 |       |       |       |       |       |       ||    25
         Spear             |       |       |    17 |    16 |       |       |       |       |       ||    33
         Staff             |       |       |       |       |     5 |    26 |       |    10 |    35 ||    76
         Scimitar          |       |       |       |       |       |    13 |       |       |       ||    13
         Peck              |       |       |       |       |       |       |       |     1 |       ||     1
         Sacred scourge    |       |       |       |       |       |       |       |    19 |    29 ||    48
  Throw: Dart              |       |       |     3 |       |       |       |     1 |       |     1 ||     5
         Javelin           |       |       |       |       |       |       |     3 |     4 |    17 ||    24
   Cast: Sandblast         |    52 |    55 |   157 |    84 |    70 |    60 |    25 |     4 |     5 ||   512
         Stone Arrow       |       |       |    40 |   252 |   546 |   291 |   195 |    46 |    25 ||  1395
         Brom's Barrelling |       |       |     4 |     4 |     3 |       |       |       |       ||    11
         Petrify           |       |       |       |     2 |       |       |       |       |       ||     2
         Poisonous Vapours |       |       |       |    14 |   124 |   187 |   173 |   274 |   198 ||   970
         Ignite Poison     |       |       |       |     4 |    57 |   165 |   113 |   189 |   111 ||   639
         Iskenderun's Myst |       |       |       |     1 |     2 |     6 |    13 |    13 |    32 ||    67
         Mephitic Cloud    |       |       |       |       |     2 |     1 |       |       |       ||     3
         Bombard           |       |       |       |       |    11 |    23 |    11 |    54 |   486 ||   585
         Olgreb's Toxic Ra |       |       |       |       |    14 |   119 |    56 |   159 |    51 ||   399
         Lee's Rapid Decon |       |       |       |       |       |    86 |   312 |    92 |   150 ||   640
         Plasma Beam       |       |       |       |       |       |    62 |    84 |    25 |     3 ||   174
         Blink             |       |       |       |       |       |       |     4 |       |     7 ||    11
         Lehudib's Crystal |       |       |       |       |       |       |       |    46 |    38 ||    84
         Shatter           |       |       |       |       |       |       |       |       |     2 ||     2
  Evoke: Wand              |       |       |       |     6 |     4 |     2 |     9 |    13 |    16 ||    50
         Tin of tremorston |       |       |       |       |       |     2 |     4 |     4 |       ||    10
    Use: Potion            |       |       |     1 |     8 |     2 |     1 |     6 |     6 |     8 ||    32
         Scroll            |       |       |       |    23 |    12 |     9 |     9 |     2 |     8 ||    63
 Armour: Robe              |     5 |    51 |    72 |       |       |       |       |       |       ||   128
         Steam dragon scal |       |       |    38 |   120 |   230 |   316 |   330 |   251 |       ||  1285
         Skin              |       |       |       |     9 |       |       |       |       |       ||     9
         Acid dragon scale |       |       |       |    24 |       |       |       |       |       ||    24
         Quicksilver drago |       |       |       |       |       |       |       |    81 |   710 ||   791
  Dodge: Dodged            |     8 |    24 |    74 |    61 |   128 |   155 |   128 |   173 |   327 ||  1078
  Block: Kite shield       |       |       |    21 |    93 |   212 |   283 |   264 |   316 |   537 ||  1726
         Reflection        |       |       |     1 |     7 |    37 |    43 |    27 |    35 |    17 ||   167

Table legend: (Time is in decaauts)
 A = Elapsed time spent in this place.
 B = Non-inter-level travel time spent in this place.
 C = Inter-level travel time spent in this place.
 D = Time resting spent in this place.
 E = Time spent auto-exploring this place.
 F = Levels seen in this place.
 G = Mean time per level.
                   A        B        C        D        E       F      G
               +--------+--------+--------+--------+--------+-----+--------+
         Total |  68616 |  62420 |   6196 |   2860 |  46613 |  55 | 1247.6 |
       Dungeon |  18542 |  16357 |   2185 |    728 |  12772 |  15 | 1236.1 |
        Temple |    146 |      2 |    144 |      0 |      0 |   1 |  146.0 |
          Lair |   7912 |   6972 |    940 |    128 |   5506 |   5 | 1582.4 |
        Shoals |   5328 |   5147 |    181 |     40 |   4351 |   4 | 1332.0 |
     Snake Pit |   5483 |   5209 |    274 |    423 |   3747 |   4 | 1370.8 |
    Slime Pits |     46 |     34 |     12 |      0 |     18 |   1 |   46.0 |
  Orcish Mines |   1524 |   1371 |    153 |      0 |   1094 |   2 |  762.0 |
   Elven Halls |   4572 |   4171 |    401 |     59 |   3229 |   3 | 1524.0 |
        Vaults |   7865 |   7110 |    755 |    317 |   5385 |   5 | 1573.0 |
        Depths |   6880 |   6093 |    787 |    607 |   4223 |   4 | 1720.0 |
          Hell |    339 |    334 |      5 |     26 |    135 |   1 |  339.0 |
           Zot |   6911 |   6557 |    354 |    193 |   4675 |   5 | 1382.2 |
         Abyss |   1008 |   1008 |      0 |    184 |    302 |   2 |  504.0 |
         Trove |     39 |     39 |      0 |      0 |      5 |   1 |   39.0 |
    Desolation |   1416 |   1416 |      0 |    113 |    923 |   1 | 1416.0 |
      Gauntlet |    596 |    596 |      0 |     41 |    246 |   1 |  596.0 |
               +--------+--------+--------+--------+--------+-----+--------+

Top non-repeatable levels by time:
Depths:3: 2175 daAuts
Depths:1: 2153 daAuts
   Zot:2: 2124 daAuts
 Snake:4: 2021 daAuts
Vaults:5: 1926 daAuts
Vaults:4: 1891 daAuts
   Zot:5: 1829 daAuts
  Lair:3: 1809 daAuts
  Lair:5: 1737 daAuts
     D:7: 1719 daAuts
Shoals:4: 1642 daAuts
    D:14: 1617 daAuts
Depths:4: 1611 daAuts
     D:8: 1610 daAuts
  Lair:4: 1600 daAuts
